 Dungeon Crawl Stone Soup version 0.26-a0-667-g92642533e4 (webtiles) character file.

Game seed: 13507418736597265848

9188 Lavandula the Scribe (level 11, -5/81 HPs)
             Began as a Demonspawn Air Elementalist on Oct 16, 2020.
             Was a Priest of Sif Muna.
             Slain by a freezing wraith (20 damage)
             ... in an ice cave.
             The game lasted 00:31:08 (11240 turns).

Lavandula the Scribe (Demonspawn Air Elementalist) Turns: 11240, Time: 00:31:08

Health: -5/81      AC:  4    Str: 14    XL:     11   Next: 19%
Magic:  16/19      EV: 15    Int: 19    God:    Sif Muna [***...]
Gold:   145        SH:  6    Dex: 15    Spells: 2/21 levels left

rFire    . . .     SeeInvis .   H - +2 trident (pain)
rCold    . . .     Faith    .   (no shield)
rNeg     . . .     Spirit   .   a - +0 robe
rPois    .         Reflect  .   (helmet restricted)
rElec    .         Harm     .   n - +2 cloak
rCorr    .         Rampage  .   (no gloves)
MR       +....                  (no boots)
Stlth    ++........             (no amulet)
HPRegen  0.63/turn              e - +6 ring of strength
MPRegen  0.16/turn              g - ring of protection from magic

@: no status effects
A: antennae 1, claws 1, large bone plates 2, deformed body, powered by death 1,
regeneration 1, screaming 1, rot immunity
a: Channel Magic, Forget Spell, Renounce Religion


You were in an ice cave.
You worshipped Sif Muna.
Sif Muna was most pleased with you.
You visited 3 branches of the dungeon, and saw 12 of its levels.
You also visited: Ice Cave.

You collected 405 gold pieces.
You spent 260 gold pieces at shops.

Inventory:

Hand Weapons
 m - a +0 dagger of venom
 p - a +0 falchion
 q - a +3 trident
 E - a +2 vampiric whip
 H - a +2 trident of pain (weapon)
Missiles
 s - 6 poisoned darts (quivered)
 v - a throwing net
Armour
 a - a +0 robe (worn)
 n - a +2 cloak (worn)
Magical Staves
 z - an uncursed staff of air
 K - a cursed staff of cold {unknown}
 N - an uncursed staff of death {unknown}
Jewellery
 e - a +6 ring of strength (left claw)
 g - a ring of protection from magic (right claw)
 l - an uncursed ring of resist corrosion
 I - an uncursed ring of protection from cold {unknown}
Wands
 u - a wand of enslavement (2)
 A - a wand of flame (12)
 C - a wand of digging (6)
 L - a wand of random effects (14)
Scrolls
 d - a scroll of teleportation
 f - a scroll of magic mapping
 h - a scroll of fear
 i - a scroll of enchant armour
 k - 2 scrolls of blinking {unknown}
 o - a scroll of amnesia
 x - 2 scrolls of fog {unknown}
 y - 2 scrolls of remove curse
 D - a scroll of enchant weapon
 G - a scroll of vulnerability {unknown}
 J - a scroll of noise {unknown}
Potions
 b - a potion of might {unknown}
 c - a potion of curing
 j - 3 potions of heal wounds
 r - a potion of haste
 t - 2 potions of brilliance {unknown}
 w - a potion of cancellation {unknown}
 B - 2 potions of degeneration {unknown}
 F - a potion of mutation
Miscellaneous
 M - a condenser vane (inert)


   Skills:
 - Level 6.0 Fighting
 + Level 4.2 Polearms
 - Level 3.1 Throwing
 - Level 5.1 Dodging
 - Level 1.7 Stealth
 - Level 5.6 Spellcasting
 - Level 1.7 Conjurations
 - Level 5.1 Hexes
 - Level 7.1 Air Magic
 - Level 9.6 Invocations
 - Level 5.6 Evocations


You had 2 spell levels left.
You knew the following spells:

 Your Spells              Type           Power        Failure   Level
a - Shock                 Conj/Air       ###.         1%          1
b - Swiftness             Air            ####....     1%          2
c - Static Discharge      Conj/Air       ###.....     5%          3
d - Airstrike             Air            ####......   6%          4
e - Cause Fear            Hex            ####......   14%         4
f - Lightning Bolt        Conj/Air       ###.......   45%         5

Your spell library contained the following spells:

 Spells                   Type           Power        Failure   Level
 Silence                  Hex/Air        ####......   26%         5
 Yara's Violent Unravell  Hex/Tmut       ###.......   75%         5
 Discord                  Hex            ####......   100%        8


Dungeon Overview and Level Annotations

Branches:
Dungeon (10/15)            Temple (1/1) D:6            Lair (1/6) D:8
    Orc (0/2) D:10          IceCv (1/1)

Altars:
Ashenzari
Cheibriados
Elyvilon
Fedhas
Hepliaklqana
Kikubaaqudgha
Makhleb
Nemelex Xobeh
Ru
Sif Muna
Trog
Uskayaw
Vehumet
Zin

Shops:
D:5 }[[   D:7 }

Annotations:
D:10 1 runed translucent door, Djamper's ghost, journeyman GnFi


Innate Abilities, Weirdness & Mutations

You have sharp fingernails.
You are mostly covered in large bone plates. (SH +6)
You regenerate a little health from kills.
You are immune to rotting.
You have a pair of small antennae on your head.
Armour fits poorly on your strangely shaped body.
Your natural rate of healing is unusually fast.
You occasionally shout uncontrollably at your foes.


Message History

Aiming: Airstrike (dangerous; 6% risk of failure)
Press: ? - help, Dir - move target cursor, f/p - freezing wraith
Aim: a freezing wraith (severely damaged)
The air twists around and violently strikes the freezing wraith!
The freezing wraith is almost destroyed.
The freezing wraith hits you. The freezing wraith freezes you!!
The freezing wraith hits you!
Casting: Airstrike (dangerous; 6% risk of failure)
Confirm with . or Enter, or press ? or * to list all spells.
Aiming: Airstrike (dangerous; 6% risk of failure)
Press: ? - help, Dir - move target cursor, f/p - freezing wraith
Aim: a freezing wraith (almost destroyed)
The air twists around and violently strikes the freezing wraith!
You destroy the freezing wraith!
Sif Muna accepts your kill.
Your Polearms skill increases to level 4!
The freezing wraith hits you!
* * * LOW HITPOINT WARNING * * *
The freezing wraith freezes you!!
You die...

##..###...##
##..###...##
##..###...##
#...###...### #####
##..# ##....##
####...### ###...#
##....#
##........###....##
###..#
##............W..##
#...#
#............@####
#W..##
#............##
...###
##..........## ..##
##.#....#.## ...#
####..#### .##
#..## ##..## ##..#
##...#


You could see a freezing wraith.

Vanquished Creatures
  Erolcha (D:10)
  3 two-headed ogres
  An unseen horror (D:10)
  3 freezing wraiths (IceCv)
  A wyvern (D:8)
  2 water moccasins
  7 ice beasts
  3 sky beasts
  An orc warrior (D:10)
  An alligator simulacrum (IceCv)
  A phantom (D:8)
  A necrophage (D:10)
  7 ogres
  8 centaurs
  4 bullfrogs
  2 gnoll sergeants (D:8)
  A wyvern skeleton (D:6)
  3 scorpions
  4 wights (D:7)
  A howler monkey (D:9)
  A centaur zombie (D:9)
  A bullfrog zombie (D:10)
  2 hounds
  6 jellies
  8 orc priests
  9 orc wizards
  2 bullfrog skeletons
  2 iguanas (D:5)
  3 worker ants
  A hound skeleton (D:6)
  A howler monkey skeleton (D:8)
  A howler monkey zombie (D:5)
  A worker ant zombie (D:8)
  11 adders
  12 gnolls
  6 shadow imps
  20 white imps
  3 ufetubi
  An ooze (D:3)
  2 adder skeletons
  2 worms
  4 dart slugs
  7 leopard geckos
  60 orcs
  4 giant cockroaches
  13 goblins
  11 hobgoblins
  16 jackals
  3 quokkas
  A ball python (D:1)
  8 bats
  6 frilled lizards
  11 kobolds
  A leopard gecko skeleton (D:4)
  A quokka skeleton (D:4)
  4 rats
300 creatures vanquished.

Vanquished Creatures (collateral kills)
  An orc warrior (D:9)
  An elephant simulacrum (IceCv)
  An iguana (D:9)
  2 jackals (D:9)
5 creatures vanquished.

Vanquished Creatures (others)
  A wolf spider simulacrum (IceCv)
  An orc wizard (D:8)
  A wolf simulacrum (IceCv)
  5 fungi (D:8)
  8 plants
16 creatures vanquished.

Grand Total: 321 creatures vanquished

Notes
Turn   | Place    | Note
-------+----------+-------------------------------------------
     0 | D:1      | Lavandula the Demonspawn Air Elementalist began the quest
                  | for the Orb.
     0 | D:1      | Reached XP level 1. HP: 13/13 MP: 3/3
     1 | D:1      | Noticed an electric eel
   424 | D:1      | Gained mutation: You have sharp fingernails. [demonic
                  | ancestry]
   424 | D:1      | Reached XP level 2. HP: 13/19 MP: 3/5
   792 | D:1      | Learned a level 2 spell: Swiftness
  1182 | D:2      | Gained mutation: You regenerate a little health from kills.
                  | [demonic ancestry]
  1182 | D:2      | Reached XP level 3. HP: 24/24 MP: 1/7
  2274 | D:2      | Found a burning altar of Makhleb.
  2333 | D:2      | Gained mutation: You are partially covered in large bone
                  | plates. (SH +4) [demonic ancestry]
  2333 | D:2      | Reached XP level 4. HP: 23/30 MP: 1/8
  2338 | D:2      | Learned a level 3 spell: Static Discharge
  3187 | D:3      | Reached XP level 5. HP: 35/35 MP: 9/9
  3483 | D:4      | Reached skill level 5 in Air Magic
  3668 | D:4      | Reached skill level 1 in Polearms
  3879 | D:4      | Reached XP level 6. HP: 36/41 MP: 10/10
  3892 | D:5      | Entered Level 5 of the Dungeon
  3901 | D:5      | Reached skill level 1 in Fighting
  3910 | D:5      | Learned a level 4 spell: Airstrike
  3983 | D:5      | Found Gagozo's Antique Armour Boutique.
  3985 | D:5      | Found Tobanaed's Gadget Boutique.
  4139 | D:5      | Gained mutation: You are immune to rotting. [demonic
                  | ancestry]
  4139 | D:5      | Reached XP level 7. HP: 40/49 MP: 11/11
  4181 | D:5      | Found Xeavefal's Armour Shop.
  4441 | D:5      | Found a sparkling altar of Nemelex Xobeh.
  5018 | D:5      | Gained mutation: You are mostly covered in large bone
                  | plates. (SH +6) [demonic ancestry]
  5018 | D:5      | Reached XP level 8. HP: 55/55 MP: 1/15
  5123 | D:6      | Reached skill level 5 in Spellcasting
  5179 | D:6      | Found a hide-covered altar of Uskayaw.
  5198 | D:6      | Found an ancient bone altar of Kikubaaqudgha.
  5271 | D:6      | Found a staircase to the Ecumenical Temple.
  5305 | Temple   | Entered the Ecumenical Temple
  5372 | Temple   | Became a worshipper of Sif Muna the Loreminder
  5531 | D:6      | Reached skill level 1 in Throwing
  5614 | D:6      | Found a blossoming altar of Fedhas.
  6384 | D:7      | Reached * piety under Sif Muna
  6410 | D:7      | Found Rublegas's Gadget Shop.
  6560 | D:7      | Found a white marble altar of Elyvilon.
  6619 | D:7      | Reached skill level 5 in Fighting
  6643 | D:7      | Reached XP level 9. HP: 46/68 MP: 0/17
  7930 | D:8      | Reached skill level 5 in Dodging
  8062 | D:8      | Reached skill level 1 in Evocations
  8423 | D:8      | Found a staircase to the Lair.
  8445 | D:8      | Noticed a two-headed ogre
  8500 | D:8      | Killed a two-headed ogre
  8500 | D:8      | Reached skill level 5 in Evocations
  8574 | D:8      | Reached skill level 2 in Invocations
  8574 | D:8      | Reached XP level 10. HP: 47/76 MP: 1/18
  8671 | D:8      | Reached skill level 3 in Invocations
  8722 | D:9      | Reached skill level 4 in Invocations
  8845 | D:9      | Noticed a two-headed ogre
  8858 | D:9      | Killed a two-headed ogre
  8858 | D:9      | Reached skill level 6 in Invocations
  8872 | D:9      | Reached ** piety under Sif Muna
  8889 | D:9      | Reached skill level 7 in Invocations
  9294 | D:5      | Bought a condenser vane (2/2) for 260 gold pieces
  9437 | D:9      | Noticed a two-headed ogre
  9573 | D:9      | Killed a two-headed ogre
  9573 | D:9      | Reached skill level 9 in Invocations
  9798 | D:9      | You fall into a shaft and drop 1 floor!
  9798 | D:10     | Entered Level 10 of the Dungeon
 10086 | D:10     | Learned a level 4 spell: Cause Fear
 10239 | D:10     | Reached skill level 1 in Hexes
 10252 | D:10     | Noticed Erolcha
 10256 | D:10     | Killed Erolcha
 10334 | D:10     | Found a runed translucent door.
 10334 | D:10     | Noticed Djamper's ghost (journeyman GnFi)
 10420 | D:10     | Found a staircase to the Orcish Mines.
 10442 | D:10     | Gained mutation: You have a pair of small antennae on your
                  | head. [potion of mutation]
 10442 | D:10     | Gained mutation: Armour fits poorly on your strangely
                  | shaped body. [potion of mutation]
 10442 | D:10     | Gained mutation: You occasionally shout uncontrollably at
                  | your foes. [potion of mutation]
 10442 | D:10     | Gained mutation: Your natural rate of healing is unusually
                  | fast. [potion of mutation]
 10452 | D:10     | Killed an unseen horror
 10579 | D:10     | Reached skill level 5 in Hexes
 10631 | D:9      | Reached XP level 11. HP: 31/81 MP: 9/19
 10651 | D:9      | Reached *** piety under Sif Muna
 10757 | Lair:1   | Entered Level 1 of the Lair of Beasts
 10765 | Lair:1   | Learned a level 5 spell: Lightning Bolt
 10800 | Lair:1   | Found a frozen archway.
 10869 | IceCv    | Entered an ice cave
 11240 | IceCv    | Slain by a freezing wraith

Illustrated notes

Levels and vault maps discovered:
D:1:      arrival_aquarium_a, layout_basic, hangedman_feature_mirror
D:2:      layout_loops_ring, lightli_temple_of_fire
D:3:      layout_basic, minmay_goblin_outpost
D:4:      layout_rooms
D:5:      layout_rooms, nicolae_overflow_crystal_walls, serial_shops,
          nicolae_shop_waterfront, shop, nicolae_shop_crystal
D:6:      layout_loops_ring, fedhas_altar_2, minitemple,
          minmay_temple_entry_mist
D:7:      layout_basic, overflow_temple_1_default, serial_shops, shop
D:8:      layout_loops_corners, dpeg_oklobed_lair, kb_lookout_dungeons_type,
          chequers_serial_rivers_small_3
D:9:      layout_basic, grunt_ministairs_5, worms_lemuel
D:10:     minmay_the_grid_octo_triangle [minmay_the_grid_octo_77,
          minmay_the_grid_octo_prize_star, minmay_the_grid_octo_clover_2],
          layout_irregular_city, hellmonk_ghost_happy_afterlife, serial_rivers,
          chequers_serial_rivers_large_b, chequers_serial_rivers_small_a,
          chequers_serial_rivers_micro_e, chequers_serial_rivers_micro_e,
          serial_shops, nicolae_shop_temple_entry_statues_fountains,
          uniq_erolcha
Temple:   eino_temple_scatter_basement
Lair:1:   layout_long_grid, portal_ice_cave_entry_imps, lemuel_fruit_tree,
          grunt_megastairs_4
IceCv:    ice_cave_small_necro

Skill      XL: |  1  2  3  4  5  6  7  8  9 10 11 |
---------------+----------------------------------+-----
Spellcasting   | 3 4 5 |  5.6
Air Magic      | 3 4 5 6 7 |  7.1
Polearms       | 2 4 |  4.2
Fighting       | 1 5 6 |  6.0
Throwing       | 3 |  3.1
Dodging        | 5 |  5.1
Evocations     | 5 |  5.6
Invocations    | 2 9 |  9.6
Hexes          | 5 |  5.1
Stealth        | |  1.7
Conjurations   | |  1.7

Action                   |  1- 3 |  4- 6 |  7- 9 | 10-12 || total
-------------------------+-------+-------+-------+-------++-------
Melee: Unarmed           |     7 |       |       |       ||     7
       Dagger            |    30 |    27 |       |       ||    57
       Trident           |       |    76 |   169 |   198 ||   443
Throw: Dart              |       |    10 |    12 |     9 ||    31
       Throwing net      |       |       |       |     1 ||     1
 Cast: Shock             |    84 |    52 |   105 |    61 ||   302
       Airstrike         |       |     1 |    22 |    46 ||    69
       Static Discharge  |       |       |     8 |     1 ||     9
       Cause Fear        |       |       |       |     2 ||     2
       Swiftness         |       |       |       |     1 ||     1
Invok: Channel Magic     |       |       |       |     3 ||     3
Evoke: Condenser vane    |       |       |       |     2 ||     2
       Wand              |       |       |       |     9 ||     9
  Use: Scroll            |       |     3 |     5 |     2 ||    10
       Potion            |       |       |       |     4 ||     4
 Stab: Sleeping          |     2 |     6 |     4 |       ||    12
       Distracted        |       |       |     2 |     1 ||     3
Armor: Robe              |    15 |    27 |    31 |    56 ||   129
Dodge: Dodged            |    51 |    60 |   117 |   180 ||   408
Block: Other             |       |    19 |    54 |    72 ||   145

Table legend: (Time is in decaauts)
 A = Elapsed time spent in this place.
 B = Non-inter-level travel time spent in this place.
 C = Inter-level travel time spent in this place.
 D = Time resting spent in this place.
 E = Time spent auto-exploring this place.
 F = Levels seen in this place.
 G = Mean time per level.
                   A        B        C        D        E       F      G
               +--------+--------+--------+--------+--------+-----+--------+
         Total |  11343 |  10858 |    485 |   1069 |   6967 |  13 |  872.5 |
       Dungeon |  10770 |  10304 |    466 |    887 |   6893 |  10 | 1077.0 |
        Temple |     84 |     67 |     17 |      0 |     62 |   1 |   84.0 |
          Lair |    115 |    115 |      0 |      2 |      0 |   1 |  115.0 |
      Ice Cave |    374 |    374 |      0 |    180 |     12 |   1 |  374.0 |
               +--------+--------+--------+--------+--------+-----+--------+

Top non-repeatable levels by time:
     D:8: 1610 daAuts
     D:1: 1600 daAuts
     D:5: 1163 daAuts
     D:7: 1161 daAuts
     D:9: 1067 daAuts
     D:6: 1050 daAuts
     D:3: 980 daAuts
     D:2: 894 daAuts
    D:10: 808 daAuts
     D:4: 432 daAuts
   IceCv: 374 daAuts
  Lair:1: 115 daAuts
  Temple: 84 daAuts
